 Dungeon Crawl Stone Soup version 0.23.2-1-ga50397a (webtiles) character file.

Game seed: 2643622159134752388

16160 IBeShadow the Thaumaturge (level 12, -7/105 HPs)
             Began as a Purple Draconian Fire Elementalist on May 31, 2019.
             Was a Priest of Vehumet.
             Killed from afar by a white imp (12 damage)
             ... with a puff of frost
             ... on level 2 of the Lair of Beasts.
             The game lasted 00:34:37 (18424 turns).

IBeShadow the Thaumaturge (DrFE)                   Turns: 18424, Time: 00:34:38

Health: -7/105     AC: 12    Str: 11    XL:     12   Next: 7%
Magic:  12/25      EV: 12    Int: 20    God:    Vehumet [***...]
Gold:   401        SH:  5    Dex: 12    Spells: 20/30 levels left

rFire    + . .     SeeInvis .   E - +2 trident (venom)
rCold    . . .     Gourm    .   j - +0 buckler
rNeg     . . .     Faith    .   (armour unavailable)
rPois    .         Spirit   .   a - +0 hat
rElec    .         Reflect  .   (no cloak)
rCorr    .         Harm     .   r - +0 pair of gloves
MR       +....                  P - +2 pair of boots
Stlth    +++.......             k - amulet of magic regeneration
HPRegen  0.27/turn              A - ring of protection from fire
MPRegen  0.44/turn              e - ring of stealth

@: lethally poisoned (-7 -> -9)
A: breathe power, unfitting armour, cold-blooded, AC +8
a: Breathe Dispelling Energy, Renounce Religion


You were on level 2 of the Lair of Beasts.
You worshipped Vehumet.
Vehumet was most pleased with you.
You were hungry.

You visited 3 branches of the dungeon, and saw 13 of its levels.

You collected 581 gold pieces.
You spent 180 gold pieces at shops.

Inventory:

Hand Weapons
 v - a +3 mace
 E - a +2 trident of venom (weapon)
 O - the +1 hand axe of Optimality {flame, rElec rF+ Stlth+}
   (You found it on level 9 of the Dungeon)

   It has been specially enchanted to burn those struck by it, causing extra
   injury to most foes and up to half again as much damage against particularly
   susceptible opponents.
   Big, fiery blades are also staple armaments of hydra-hunters.
   It protects you from fire.
   It insulates you from electricity.
   It makes you more stealthy.
Armour
 a - a +0 hat (worn)
 j - a +0 buckler (worn)
 r - a +0 pair of gloves (worn)
 P - a +2 pair of boots (worn)
Jewellery
 e - a ring of stealth (right hand)
 k - an amulet of magic regeneration (around neck)
 A - a ring of protection from fire (left hand)
 F - an uncursed amulet of the gourmand
 J - an uncursed amulet of regeneration
 R - an uncursed amulet of rage
Wands
 w - a wand of random effects (21)
 K - a wand of enslavement (5)
 L - a wand of acid (5)
 T - a wand of polymorph (10)
Scrolls
 c - 5 scrolls of teleportation
 d - 4 scrolls of remove curse
 i - 2 scrolls of enchant armour
 m - 4 scrolls of fear
 n - a scroll of identify
 x - a scroll of immolation {unknown}
 y - 2 scrolls of noise
 z - a scroll of amnesia
 B - a scroll of vulnerability
 I - 2 scrolls of brand weapon {unknown}
 N - a scroll of blinking {unknown}
 Q - a scroll of summoning {unknown}
Potions
 f - 2 potions of curing
 g - a potion of mutation
 h - 3 potions of heal wounds
 l - 3 potions of berserk rage
 o - 4 potions of might
 p - a potion of ambrosia {unknown}
 q - 6 potions of agility
 s - a potion of degeneration {unknown}
 t - 4 potions of haste
 u - 2 potions of lignification
 C - 2 potions of brilliance
 D - a potion of resistance
 G - a potion of cancellation {unknown}
 M - a potion of magic {unknown}
Comestibles
 b - 20 rations
 S - 3 chunks of flesh


   Skills:
 + Level 9.4 Fighting
 - Level 4.2 Maces & Flails
 + Level 7.1 Polearms
 - Level 1.7 Dodging
 - Level 1.7 Stealth
 - Level 4.8 Shields
 + Level 9.8 Spellcasting
 + Level 8.8 Conjurations
 + Level 9.3 Fire Magic


You had 20 spell levels left.
You knew the following spells:

 Your Spells              Type           Power        Failure   Level  Hunger
a - Flame Tongue          Conj/Fire      #####        1%          1    None
b - Throw Flame           Conj/Fire      #####.       1%          2    None
c - Conjure Flame         Conj/Fire      #####...     1%          3    None
d - Sticky Flame          Conj/Fire      #####...     1%          4    ##.....

Your spell library contained the following spells:

 Spells                   Type           Power        Failure   Level  Hunger
 Static Discharge         Conj/Air       ####....     1%          3    None
 Magic Dart               Conj           ####         1%          1    None
 Searing Ray              Conj           #####.       1%          2    None
 Dazzling Spray           Conj/Hex       ####..       1%          3    None
 Inner Flame              Hex/Fire       ####....     1%          3    None
 Iskenderun's Mystic Bla  Conj           #####...     1%          4    ##.....
 Fireball                 Conj/Fire      #####.....   1%          5    #####..
 Force Lance              Conj/Tloc      ####....     3%          4    ##.....
 Fulminant Prism          Conj/Hex       ####......   3%          4    ##.....


Dungeon Overview and Level Annotations

Branches:
Dungeon (10/15)            Temple (1/1) D:6            Lair (2/6) D:10
  Swamp: Lair:2-4    Shoals: Lair:2-4     Snake: Lair:2-4    Spider: Lair:2-4
    Orc: D:9-12

Altars:
Ashenzari
Cheibriados
Dithmenos
Elyvilon
Fedhas
Gozag
Hepliaklqana
Kikubaaqudgha
Makhleb
Nemelex Xobeh
Okawaru
Qazlal
Ru
Sif Muna
Trog
Uskayaw
Vehumet
Wu Jian
Xom
Yredelemnul
Zin
The Shining One

Shops:
D:7 *   D:9 [

Annotations:
D:8 3 runed translucent doors, Brandominion011's ghost, novice OgBe


Innate Abilities, Weirdness & Mutations

You can breathe bolts of dispelling energy.
Your rich purple scales are hard. (AC +8)
You cannot fit into any form of body armour.
You are cold-blooded and may be slowed by cold attacks.


Message History

You feel sick.
The six-headed hydra burns!
You feel much better.
You feel sick.
The six-headed hydra burns!
The spiny frog stings you but does no damage.
The six-headed hydra bites you.
The six-headed hydra bites you but does no damage.
The six-headed hydra bites you!
* * * LOW HITPOINT WARNING * * *
The six-headed hydra closely misses you.
The six-headed hydra bites you!
* * * LOW HITPOINT WARNING * * *
The six-headed hydra bites you but does no damage.
The six-headed hydra burns!
You feel sick.
The six-headed hydra burns!
You block the spiny frog's attack.
You feel sick.
The six-headed hydra burns!
There is a stone staircase leading up, spattered with blood here.
The six-headed hydra burns!
The spiny frog stings you!
* * * LOW HITPOINT WARNING * * *
The white imp gestures at you. The puff of frost hits you!
You die...

#....#..................#..
##....#<...................
#..##......................
#.##..........#............
## ##.......P.#P...........
#.#.#..รท.####P...(.......
#......D.####..........[
...##..5F.##.............
#..# ##..@................
### #...................
#........##.........
#..#P.#..#####.......
#.####.....# ...###. ##
...#.## ...# ####.## ...#
## .##


You could see a six-headed hydra (burning), a spiny frog and a white imp.

Vanquished Creatures
  Harold (D:8)
  A hydra (Lair:1)
  2 two-headed ogres (D:9)
  A black mamba (Lair:1)
  5 spiny frogs
  2 rime drakes (Lair:1)
  5 trolls
  2 hornets
  3 hippogriffs
  A wraith (D:9)
  18 yaks
  A basilisk (Lair:1)
  A hungry ghost (D:10)
  A soldier ant (D:9)
  2 water moccasins
  2 porcupines
  2 orc warriors
  A sky beast (D:8)
  3 black bears
  2 necrophages
  An ice beast (D:10)
  2 centaurs
  3 ogres
  5 wolves
  3 crocodiles
  A big kobold (D:7)
  A gnoll sergeant (D:6)
  10 bullfrogs
  3 scorpions
  9 killer bees (D:10)
  12 wights
  4 electric eels (D:10)
  A howler monkey (D:7)
  3 crimson imps
  A centaur zombie (D:5)
  5 orc priests
  3 bullfrog skeletons
  12 hounds
  A jelly (D:6)
  2 centaur skeletons
  A gnoll shaman (D:4)
  6 orc wizards
  2 iguanas
  8 worker ants
  A killer bee zombie (D:6)
  A hound zombie (D:10)
  2 hound skeletons
  2 worker ant zombies
  10 adders
  20 gnolls
  A shadow imp (D:9)
  4 white imps (Lair:2)
  An ooze (D:1)
  An adder zombie (D:8)
  2 adder skeletons
  5 worms
  3 dart slugs
  3 leopard geckos
  25 orcs
  4 giant cockroaches
  10 goblins
  5 hobgoblins
  9 jackals
  9 kobolds
  5 quokkas
  2 ball pythons
  11 bats
  7 frilled lizards
  A leopard gecko zombie (D:6)
  2 quokka skeletons (D:5)
  7 rats
308 creatures vanquished.

Vanquished Creatures (others)
  A goblin (D:2)
1 creature vanquished.

Grand Total: 309 creatures vanquished

Notes
Turn   | Place    | Note
-------+----------+-------------------------------------------
     0 | D:1      | IBeShadow the Draconian Fire Elementalist began the quest
                  | for the Orb.
     0 | D:1      | Reached XP level 1. HP: 14/14 MP: 3/3
   259 | D:1      | Reached XP level 2. HP: 17/22 MP: 5/5
   545 | D:1      | You fall through a shaft!
   559 | D:1      | Reached skill level 1 in Fighting
   820 | D:1      | Reached skill level 1 in Shields
  1005 | D:1      | Reached XP level 3. HP: 5/28 MP: 6/6
  1323 | D:1      | Learned a level 2 spell: Throw Flame
  1815 | D:2      | Reached XP level 4. HP: 31/35 MP: 3/7
  2699 | D:3      | Reached XP level 5. HP: 31/40 MP: 0/8
  3574 | D:3      | Reached XP level 6. HP: 44/47 MP: 9/9
  4151 | D:4      | Reached skill level 1 in Maces & Flails
  4622 | D:3      | Learned a level 3 spell: Conjure Flame
  5046 | D:4      | Your scales start taking on a rich purple colour.
  5046 | D:4      | Reached XP level 7. HP: 54/56 MP: 4/12
  6011 | D:5      | Entered Level 5 of the Dungeon
  7135 | D:6      | Found a sacrificial altar of Ru.
  7247 | D:6      | Reached XP level 8. HP: 50/63 MP: 3/14
  7489 | D:6      | Found an ornate altar of the Wu Jian Council.
  7497 | D:6      | Found a sparkling altar of Nemelex Xobeh.
  7498 | D:6      | Found a shattered altar of Ashenzari.
  7499 | D:6      | Found a hazy altar of Hepliaklqana.
  7499 | D:6      | Found a snail-covered altar of Cheibriados.
  8140 | D:6      | Reached skill level 5 in Spellcasting
  8140 | D:6      | Reached skill level 5 in Fire Magic
  8438 | D:6      | Found a stormy altar of Qazlal.
  9319 | D:6      | Reached XP level 9. HP: 70/73 MP: 9/17
  9453 | D:6      | Found a staircase to the Ecumenical Temple.
  9525 | Temple   | Entered the Ecumenical Temple
  9700 | Temple   | Became a worshipper of Vehumet
  9828 | D:7      | Reached skill level 5 in Fighting
  9929 | D:7      | Reached skill level 5 in Conjurations
 10043 | D:7      | Reached skill level 1 in Polearms
 10302 | D:7      | Found Niexzam's Assorted Antiques.
 10761 | D:7      | Learned a level 4 spell: Sticky Flame
 10915 | D:8      | Found a runed translucent gate.
 10915 | D:8      | Found a runed translucent gate.
 10915 | D:8      | Found a runed translucent gate.
 10917 | D:8      | Found an opulent altar of Gozag.
 10920 | D:8      | Noticed Brandominion011's ghost (novice OgBe)
 10982 | D:8      | Found a glowing golden altar of the Shining One.
 11183 | D:8      | Noticed Harold
 11198 | D:8      | Killed Harold
 11352 | D:8      | Reached * piety under Vehumet
 11352 | D:8      | Offered knowledge of Magic Dart by Vehumet.
 11530 | D:8      | Found a sand-covered staircase.
 11976 | D:8      | Reached XP level 10. HP: 48/84 MP: 8/20
 12958 | D:9      | Noticed a two-headed ogre
 12988 | D:9      | Killed a two-headed ogre
 13130 | D:9      | Noticed a two-headed ogre
 13145 | D:9      | Killed a two-headed ogre
 13232 | D:9      | Got a translucent hand axe
 13233 | D:9      | Identified the +1 hand axe of Optimality {flame, rElec rF+
                  | Stlth+} (You found it on level 9 of the Dungeon)
 13310 | D:9      | Found Quag's Antique Armour Shop.
 13436 | D:9      | Bought a pair of embroidered boots for 180 gold pieces
 13737 | D:10     | Entered Level 10 of the Dungeon
 13766 | D:10     | Reached skill level 5 in Polearms
 14008 | D:10     | Found a staircase to the Lair.
 14308 | D:10     | Reached XP level 11. HP: 78/94 MP: 2/23
 14907 | D:10     | Offered knowledge of Sting by Vehumet.
 15064 | D:10     | Reached ** piety under Vehumet
 15637 | Lair:1   | Entered Level 1 of the Lair of Beasts
 15913 | Lair:1   | Noticed a four-headed hydra
 15936 | Lair:1   | Killed a four-headed hydra
 16471 | Lair:1   | Offered knowledge of Static Discharge by Vehumet.
 17994 | Lair:2   | Reached *** piety under Vehumet
 17994 | Lair:2   | Reached XP level 12. HP: 81/104 MP: 25/25
 18398 | Lair:2   | Noticed a six-headed hydra
 18424 | Lair:2   | HP: 5/105 [spiny frog (11)]
 18424 | Lair:2   | Killed from afar by a white imp

Skill      XL: |  1  2  3  4  5  6  7  8  9 10 11 |
---------------+----------------------------------+-----
Fighting       | 1 2 3 4 6 7 9 |  9.4
Shields        | 1 2 4 |  4.8
Conjurations   | 2 3 4 6 7 8 |  8.8
Maces & Flails | 1 3 4 |  4.2
Spellcasting   | 3 4 5 7 8 9 |  9.8
Fire Magic     | 4 5 6 8 9 |  9.3
Polearms       | 3 5 7 |  7.1
Dodging        | |  1.7
Stealth        | |  1.7

Action                   |  1- 3 |  4- 6 |  7- 9 | 10-12 || total
-------------------------+-------+-------+-------+-------++-------
Melee: Mace              |    76 |   198 |   280 |       ||   554
       Club              |     3 |       |       |       ||     3
       Unarmed           |     3 |       |       |       ||     3
       Tailslap          |     8 |    19 |    48 |    15 ||    90
       Trident           |       |       |   170 |   208 ||   378
 Cast: Flame Tongue      |    19 |    82 |   101 |    17 ||   219
       Throw Flame       |       |    11 |    49 |    50 ||   110
       Conjure Flame     |       |     3 |    11 |    17 ||    31
       Sticky Flame      |       |       |     3 |    68 ||    71
 Abil: Breathe Dispellin |       |       |     3 |       ||     3
  Use: Potion            |     4 |       |       |     1 ||     5
       Scroll            |       |       |     7 |    10 ||    17
 Stab: Sleeping          |     3 |     3 |     5 |     6 ||    17
       Paralysed         |       |       |     2 |       ||     2
  Eat: Chunk             |     2 |    13 |    25 |    26 ||    66
Armor: Skin              |    29 |    88 |   185 |   110 ||   412
Dodge: Dodged            |    68 |   182 |   369 |   185 ||   804
Block: Buckler           |    11 |    79 |   173 |    76 ||   339
